AoeStats
← DonCamillo

African Clearing

510350147Analyzed
2v2 RM · 1d ago on Sep 30, 2026· 65m 39s· 4 players
Game mode
Random Map
Map size
Medium (4 player)
Population
200
Speed
Normal
Resources
Standard
Victory
Conquest
Starting age
Dark Age
Ending age
Imperial Age
RankedLock teamsTeams togetherTeam positionsShared explorationLock speedFull tech treeHidden civsTurbo modeCheats
Victory
Defeat
🇩🇪 Burgundians · Germany
1062
+13
🇩🇪 Malians · Germany
1007
+16
🇷🇴 Bulgarians · Romania
1013
-20
🇷🇴 Mongols · Romania
984
-14
FTP kykyrez
14:13 Feudal Age
15:19 Loom
19:10 Castle Age
22:36 Double-Bit Axe
24:21 Husbandry
29:17 Fletching
33:26 Ballistics
34:20 Padded Archer Armor
36:43 Wheelbarrow
37:24 Bodkin Arrow
38:24 Leather Archer Armor
38:29 Hand Cart
39:32 Town Watch
42:50 Imperial Age
41:23 Thumb Ring
41:52 Bow Saw
42:41 Bloodlines
43:14 Nomads
43:23 Horse Collar
43:35 Gold Mining
43:25 Heavy Scorpion
44:34 Conscription
45:33 Parthian Tactics
45:51 Town Patrol
46:41 Heavy Plow
46:25 Elite Skirmisher
46:33 Light Cavalry
48:16 Masonry
48:00 Pikeman
49:28 Bracer
49:34 Scale Barding Armor
52:52 Chain Barding Armor
56:33 Scale Mail Armor
Cvoan
10:40 Loom
13:09 Feudal Age
19:12 Double-Bit Axe
23:50 Castle Age
24:15 Scale Mail Armor
25:52 Horse Collar
35:54 Chain Mail Armor
35:46 Scale Barding Armor
35:53 Forging
45:49 Imperial Age
44:20 Chain Barding Armor
45:24 Pikeman
48:44 Halberdier
51:29 Plate Mail Armor
51:35 Iron Casting
51:36 Plate Barding Armor
56:25 Blast Furnace
Dr. D
3:08 Loom
8:53 Double-Bit Axe
13:22 Feudal Age
17:44 Castle Age
28:36 Husbandry
28:50 Forging
29:20 Town Watch
30:29 Horse Collar
30:12 Light Cavalry
31:23 Scale Barding Armor
32:06 Fletching
35:44 Imperial Age
34:09 Burgundian Vineyards
36:08 Iron Casting
38:21 Chain Barding Armor
41:31 Heavy Plow
41:55 Hussar
43:12 Plate Barding Armor
44:05 Crop Rotation
43:48 Town Patrol
43:39 Cavalier
44:40 Bow Saw
46:10 Conscription
45:23 Sappers
49:10 Two-Man Saw
48:49 Wheelbarrow
48:17 Scale Mail Armor
49:17 Blast Furnace
49:31 Chain Mail Armor
49:16 Padded Archer Armor
52:28 Hand Cart
52:46 Plate Mail Armor
52:12 Bodkin Arrow
52:32 Leather Archer Armor
52:22 Paladin
54:45 Gold Mining
54:47 Stone Mining
55:59 Bracer
58:08 Capped Ram
60:58 Onager
61:45 Squires
61:05 Pikeman
61:06 Man-at-Arms
62:42 Gold Shaft Mining
62:44 Stone Shaft Mining
62:24 Halberdier
62:50 Arson
63:30 Ballistics
64:11 Chemistry
62:57 Arrowslits
63:02 Guard Tower
63:22 Fortified Wall
63:08 Murder Holes
62:53 Treadmill Crane
63:24 Masonry
DonCamillo
5:46 Loom
13:08 Feudal Age
16:41 Fletching
23:11 Castle Age
22:21 Double-Bit Axe
24:44 Bodkin Arrow
28:43 Elite Skirmisher
40:09 Imperial Age
38:25 Ballistics
39:47 Padded Archer Armor
42:17 Murder Holes
42:43 Leather Archer Armor
44:27 Wheelbarrow
45:15 Ring Archer Armor
44:51 Scale Barding Armor
44:57 Forging
44:49 Scale Mail Armor
44:58 Scale Barding Armor
46:51 Bloodlines
46:42 Husbandry
46:30 Light Cavalry
48:34 Farimba
48:54 Conscription
50:00 Chain Barding Armor
50:16 Iron Casting
51:36 Thumb Ring
52:12 Chain Mail Armor
56:49 Elite Gbeto
62:30 Plate Barding Armor
62:22 Bow Saw
63:24 Chemistry
62:05 Treadmill Crane
62:36 Masonry
62:37 Fortified Wall
62:19 Guard Tower
62:51 Heavy Camel Rider
62:53 Cavalier
63:27 Gold Mining
63:31 Stone Mining
63:27 Horse Collar
64:16 Hand Cart
63:48 Town Watch
64:06 Spies/Treason
65:21 Hoardings
64:48 Tigui
Connection lost

Rejoining the realm…

Still unreachable

The connection could not be restored.

Session expired

The server has moved on; the page needs a fresh start.